 Dungeon Crawl Stone Soup version 0.18.1-50-g88ac8fd (webtiles) character file.

2301 RudyRod the Firebug (level 9, 48/48 HPs)
             Began as a Gargoyle Fire Elementalist on June 9, 2016.
             Drowned
             ... in a sewer on Sept 14, 2016.
             The game lasted 00:53:48 (9933 turns).

RudyRod the Firebug (Gargoyle Fire Elementalist)    Turns: 9933, Time: 00:53:48

Health: 48/48      AC:  8    Str: 13    XL:     9   Next: 40%
Magic:  16/16      EV: 13    Int: 22    God:
Gold:   233        SH:  0    Dex: 10    Spells: 3 memorised, 11 levels left

rFire  + . .     SeeInvis .     O - +5 dagger of Diyll {holy, Int+4}
rCold  x . .     Gourm    .     a - +0 robe
rNeg   + . .     Faith    .     (no shield)
rPois  ∞         Spirit   .     (no helmet)
rElec  +         Dismiss  .     N - +0 cloak {MR+}
rCorr  .         Reflect  .     (no gloves)
SustAt .         Harm     .     (no boots)
MR     +....                    (no amulet)
Stlth  ++........               K - ring of fire
                                m - ring of flight

@: somewhat resistant to hostile enchantments, unstealthy
A: negative energy resistance 1, electricity resistance, unbreathing,
petrification resistance, rot immunity, AC +5
a: Evoke Flight


You were in a sewer.
You were not hungry.

You visited 1 branch of the dungeon, and saw 6 of its levels.
You also visited: Sewer and Ossuary.

You collected 233 gold pieces.

Inventory:

Hand Weapons
 h - a +1 club
 q - a -2 short sword
 M - a +2 quarterstaff of chaos
 O - the +5 dagger of Diyll (weapon) {holy, Int+4}
   (You found it on level 5 of the Dungeon)

   It has been blessed by the Shining One to cause great damage to the undead
   and demons.
   It affects your intelligence (+4).
Missiles
 f - 8 silver tomahawks (quivered)
Armour
 a - a +0 robe (worn)
 N - a +0 cloak of magic resistance (worn)
Jewellery
 d - a +2 ring of strength
 m - a ring of flight (left hand)
 v - an uncursed ring of protection from magic
 E - a cursed ring of teleportation {unknown}
 K - a ring of fire (right hand)
Wands
 l - a wand of slowing (13/48)
Scrolls
 g - 2 scrolls of noise
 j - 3 scrolls of enchant weapon
 s - 2 scrolls of recharging {unknown}
 u - a scroll of fear {unknown}
 w - 2 scrolls of remove curse
 x - a scroll of teleportation
 y - a scroll of vulnerability {unknown}
 C - a scroll of enchant armour {unknown}
 H - a scroll of fog {unknown}
 L - a scroll of immolation {unknown}
 Q - a scroll of amnesia {unknown}
 R - a scroll of magic mapping {unknown}
Potions
 c - 6 potions of brilliance {unknown}
 e - 3 potions of flight {unknown}
 i - 13 potions of curing
 k - a potion of invisibility {unknown}
 o - a potion of magic {unknown}
 r - a potion of haste
 t - a potion of beneficial mutation {unknown}
 z - 4 potions of might {unknown}
 A - 2 potions of cancellation {unknown}
 B - 2 potions of berserk rage
 D - 2 potions of degeneration {unknown}
 I - a potion of mutation {unknown}
 J - 4 potions of heal wounds
 S - a potion of lignification {unknown}
 T - a potion of agility {unknown}
Books
 b - a book of Flames

   Spells                             Type                      Level
   a - Flame Tongue                   Conjuration/Fire             1
   b - Throw Flame                    Conjuration/Fire             2
   c - Conjure Flame                  Conjuration/Fire             3
   d - Inner Flame                    Hexes/Fire                   3
   e - Sticky Flame                   Conjuration/Fire             4
   f - Fireball                       Conjuration/Fire             5
Comestibles
 n - 2 fruits
 p - 2 beef jerkies
 F - a slice of pizza
 G - 3 bread rations
 P - a royal jelly


   Skills:
 + Level 1.8 Fighting
 + Level 0.1 Short Blades
 + Level 0.4 Maces & Flails
 * Level 5.1 Dodging
 * Level 6.0 Stealth
 + Level 0.4 Unarmed Combat
 + Level 5.1 Spellcasting
 + Level 4.9 Conjurations
 * Level 6.9 Fire Magic


You had 11 spell levels left.
You knew the following spells:

 Your Spells              Type           Power        Failure   Level  Hunger
a - Flame Tongue          Conj/Fire      #####        1%          1    None
b - Throw Flame           Conj/Fire      #####.       1%          2    None
c - Sticky Flame          Conj/Fire      #####...     12%         4    ####...


Dungeon Overview and Level Annotations

Branches:
Dungeon (6/15)             Temple (0/1) D:6

Altars:
Cheibriados
Makhleb
Xom
Zin


Innate Abilities, Weirdness & Mutations

You are resistant to torment.
Your stone body is resilient (AC +5).
You are immune to poison.
You resist negative energy.
You are resistant to electric shocks.
You can survive without breathing.
You are immune to petrification.
You are immune to rotting.


Message History

You remove your +2 ring of strength.
You feel weaker.
m - a ring of flight (left hand) Eat which item? (? for menu, Esc to quit)
Okay, then.
You are a level 9 Gargoyle Fire Elementalist.
You are 40% of the way to level 10.
Play time: 00:52:48 (9897 turns) Wield which item (- for none, * to show all)? (? for menu, Esc to quit)
Okay, then.
Put on which piece of jewellery? (? for menu, Esc to quit)
Okay, then.
You feel very buoyant.
You fly up into the air.
You feel somewhat more hungry.
Careful!
You are starting to lose your buoyancy.
Okay, then.
You float gracefully downwards.
You fall into the water!
You sink like a stone!
You fall apart...
You die...

##.....≈≈≈≈≈≈≈≈....##
#...†..≈≈≈≈≈≈≈≈...##
#..†..#≈≈≈≈≈≈≈....#
#....##≈≈≈≈≈≈≈.(..##
#...(#≈≈≈≈≈≈≈≈.....#
##.....≈≈≈≈≈≈≈≈≈....#
#.(..≈.≈≈≈≈≈≈≈≈≈...##
#.....≈≈≈≈≈≈≈≈≈≈...#
###'###@#≈#≈####'###
#.))..##≈#≈#≈#...(.#
#..)(.#≈#≈#≈##.....#
##...###≈#≈# ##...##
#.....#≈#≈#≈##..)..#
#..#..##≈#≈#≈#..#..#
###############≈≈≈≈≈≈#######
#≈≈≈≈≈≈≈≈≈≈≈≈≈≈≈≈≈≈≈≈≈≈≈≈≈≈≈≈
#≈≈≈≈≈≈≈≈≈≈≈≈≈≈≈≈≈≈≈≈≈≈≈≈≈≈≈≈≈


There were no monsters in sight!

Vanquished Creatures
  The ghost of Scuka the Changer, an amateur MfTm (D:5)
  Menkaure (D:5)
  A sky beast (D:5)
  A black bear (D:5)
  2 centaurs
  A giant frog (D:6)
  2 big kobolds (Sewer)
  9 scorpions (Ossuary)
  A howler monkey (D:4)
  A giant frog skeleton (D:4)
  2 jellies (D:5)
  Crazy Yiuf (D:5)
  A hound (D:3)
  3 orc wizards (D:4)
  A centaur zombie (Ossuary)
  3 orc priests
  2 human zombies (Ossuary)
  An iguana (D:6)
  Natasha (thrice) (D:2)
  3 worker ants
  A big kobold zombie (Ossuary)
  3 mummies (Ossuary)
  6 gnolls
  2 scorpion zombies (Ossuary)
  10 adders
  4 river rats (Sewer)
  2 shadow imps (D:5)
  An ooze (D:3)
  2 worms
  4 dart slugs
  3 giant geckos
  12 orcs
  6 ball pythons
  9 bats
  4 giant cockroaches
  3 gnoll zombies (Ossuary)
  7 goblins
  16 hobgoblins
  8 jackals
  21 kobolds
  3 quokkas
  A giant gecko skeleton (D:5)
  6 giant newts
  2 hobgoblin zombies (Ossuary)
  2 kobold zombies (Ossuary)
  2 orc zombies (Ossuary)
  2 quokka skeletons
  34 rats
216 creatures vanquished.

Vanquished Creatures (others)
  A goblin zombie (Ossuary)
1 creature vanquished.

Grand Total: 217 creatures vanquished

Notes
Turn   | Place    | Note
--------------------------------------------------------------
     0 | D:1      | RudyRod the Gargoyle Fire Elementalist began the quest for the Orb.
     0 | D:1      | Reached XP level 1. HP: 10/10 MP: 3/3
   380 | D:1      | Reached XP level 2. HP: 15/15 MP: 3/5
   754 | D:1      | Reached XP level 3. HP: 19/19 MP: 4/6
  1264 | D:2      | Reached XP level 4. HP: 6/24 MP: 0/7
  1603 | D:2      | Noticed Natasha
  1666 | D:2      | Killed Natasha
  1715 | D:2      | Noticed Natasha
  1720 | D:2      | Killed Natasha
  1809 | D:2      | Noticed Natasha
  1910 | D:2      | Killed Natasha
  1910 | D:2      | Reached XP level 5. HP: 26/28 MP: 1/9
  1984 | D:2      | Learned a level 2 spell: Throw Flame
  2892 | D:3      | Reached XP level 6. HP: 7/33 MP: 2/11
  3221 | D:3      | Found a burning altar of Makhleb.
  3965 | D:4      | Found a sand-covered staircase.
  3970 | Ossuary  | Entered an ossuary
  4630 | Ossuary  | Reached XP level 7. HP: 36/37 MP: 3/12
  5015 | Ossuary  | Reached skill level 5 in Fire Magic
  5133 | Ossuary  | Reached skill level 1 in Fighting
  5461 | D:4      | Reached XP level 8. HP: 12/43 MP: 1/14
  5751 | D:4      | Upgraded the game from 0.18.1-8-gdd0e5ea to 0.18.1-50-g88ac8fd
  6975 | D:5      | Entered Level 5 of the Dungeon
  7083 | D:5      | Noticed Menkaure
  7089 | D:5      | Killed Menkaure
  7153 | D:5      | Learned a level 4 spell: Sticky Flame
  7314 | D:5      | Noticed Scuka's ghost (amateur MfTm)
  7685 | D:5      | Noticed Crazy Yiuf
  7689 | D:5      | Killed Crazy Yiuf
  7775 | D:5      | Reached skill level 5 in Stealth
  7906 | D:5      | Killed Scuka's ghost
  8111 | D:5      | Found a glowing silver altar of Zin.
  8112 | D:5      | Noticed an angel
  8113 | D:5      | Found a shimmering altar of Xom.
  8186 | D:5      | Reached XP level 9. HP: 48/48 MP: 11/16
  8188 | D:5      | Got a scorched dagger
  8189 | D:5      | Identified the +5 dagger of Diyll {holy, Int+4} (You found it on level 5 of the Dungeon)
  8229 | D:5      | Reached skill level 5 in Dodging
  8874 | D:6      | Found a staircase to the Ecumenical Temple.
  8995 | D:6      | Found a snail-covered altar of Cheibriados.
  9231 | D:6      | Found a glowing drain.
  9235 | Sewer    | Entered a sewer
  9408 | Sewer    | Reached skill level 5 in Spellcasting
  9933 | Sewer    | Drowned

Skill      XL: |  1  2  3  4  5  6  7  8  9 |
---------------+----------------------------+-----
Conjurations   | 2 3 4 |  4.9
Dodging        | 2 3 4 5 |  5.1
Spellcasting   | 3 4 5 |  5.1
Stealth        | 3 4 5 6 |  6.0
Fire Magic     | 4 5 6 |  6.9
Fighting       | 1 |  1.8
Short Blades   | |  0.1
Maces & Flails | |  0.4
Unarmed Combat | |  0.4

Action                   |  1- 3 |  4- 6 |  7- 9 || total
-------------------------+-------+-------+-------++-------
Melee: Unarmed           |     3 |       |       ||     3
       Club              |    31 |   124 |    77 ||   232
       Dagger            |       |       |    27 ||    27
 Cast: Flame Tongue      |    54 |   163 |   254 ||   471
       Throw Flame       |       |     8 |    51 ||    59
       Sticky Flame      |       |       |     3 ||     3
 Abil: Evoke Flight      |       |       |     1 ||     1
  Use: Scroll            |       |     5 |     4 ||     9
 Stab: Sleeping          |       |     1 |     1 ||     2
  Eat: Chunk             |     2 |     8 |     4 ||    14
       Bread ration      |       |     1 |     1 ||     2
       Fruit             |       |     1 |       ||     1
       Meat ration       |       |       |     1 ||     1
       Royal jelly       |       |       |     1 ||     1
Armor: Robe              |    25 |    71 |    82 ||   178
Dodge: Dodged            |    48 |   139 |   181 ||   368
